AoeStats
← Element-Dy

Nomad

509867999Analyzed
4v4 RM · 3d ago on Sep 28, 2026· 17m 28s· 8 players
Game mode
Random Map
Map size
231×231
Population
200
Speed
Normal
Resources
Standard
Victory
Conquest
Starting age
Dark Age
Ending age
Imperial Age
RankedLock teamsTeams togetherTeam positionsShared explorationLock speedFull tech treeHidden civsTurbo modeCheats
Victory
Defeat
🇻🇳 Aztecs · Vietnam
1867
+13
🇬🇧 Bulgarians · United Kingdom
1632
+22
🇨🇳 Gurjaras · China
1572
+24
🇹🇷 Byzantines · Türkiye
1540
+26
🇹🇷 Teutons · Türkiye
1848
-24
🇻🇳 Italians · Vietnam
1782
-22
🇨🇿 Maya · Czechia
1769
-21
🇬🇧 Hindustanis · United Kingdom
1686
-18
Velky kanec
2:59 Loom
13:47 Feudal Age
17:25 Castle Age
17:05 Double-Bit Axe
17:16 Fishing Lines
17:39 Town Watch
JustAGecko
9:52 Loom
11:52 Feudal Age
12:43 Double-Bit Axe
13:42 Forging
Honda
10:26 Loom
13:53 Feudal Age
14:22 Double-Bit Axe
15:17 Fletching
15:28 Town Watch
DL-Empty
10:24 Feudal Age
10:58 Double-Bit Axe
14:09 Wheelbarrow
17:04 Forging
TheJenonator
4:34 Loom
13:06 Feudal Age
13:54 Double-Bit Axe
15:28 Town Watch
Element-Dy
4:53 Loom
14:10 Feudal Age
16:57 Fishing Lines
17:47 Double-Bit Axe
vela
4:28 Loom
12:34 Feudal Age
saymynameBook
4:26 Loom
12:01 Feudal Age
12:25 Loom
15:55 Castle Age
14:06 Double-Bit Axe
14:02 Fishing Lines
16:51 Medium Warships
18:12 Bow Saw
Connection lost

Rejoining the realm…

Still unreachable

The connection could not be restored.

Session expired

The server has moved on; the page needs a fresh start.